 Dungeon Crawl Stone Soup version 0.31.0-32-g396128a36d (webtiles) character file.

Game seed: 10518812186040564815

60 spaghetti the Caller (level 4, 0/5 HPs)
             Began as a Naga Summoner on Mar 9, 2024.
             Slain by a ribbon worm (5 damage)
             ... on level 2 of the Dungeon.
             The game lasted 00:03:22 (1867 turns).

spaghetti the Caller (Naga Summoner)                Turns: 1867, Time: 00:03:22

Health: 0/5        AC:  3    Str: 21    XL:     4   Next: 4%
Magic:  2/7        EV:  7    Int: 17    God:
Gold:   125        SH:  0    Dex: 11    Spells: 1/7 levels left

rFire   + + .        (weapon currently unavailable)
rCold   x . .        (shield currently unavailable)
rNeg    . . .        a - melded +0 robe
rPois   +            (helmet currently unavailable)
rElec   .            (cloak currently unavailable)
rCorr   .            (gloves currently unavailable)
SInv    +            (no barding)
Will    .....        (no amulet)
Stlth   ++           (no ring)
HPRegen 0.20/turn    (no ring)
MPRegen 0.10/turn

%: no passive effects
@: dragon-form, flying, inugami summoned
A: dragon claw, dragon scales, breathe fire, flying, reduced hp, AC +1, giant,
see invisible, (deformed body), (poison resistance), (slowness 2), spit poison
1, (naga tail 1)
a: Spit Poison, Breathe Fire, Begin Untransformation


You were on level 2 of the Dungeon.
You were a fearsome dragon!
You visited 1 branch of the dungeon, and saw 2 of its levels.

You collected 125 gold pieces.

Inventory:

Armour
 a - a +0 robe (melded)
Talismans
 c - a dragon-blood talisman (active)
Potions
 b - a potion of magic
 d - a potion of haste
 e - a potion of mutation {unknown}
 f - a potion of enlightenment {unknown}
 g - a potion of berserk rage {unknown}
 h - 2 potions of curing {unknown}
 i - a potion of cancellation {unknown}
 j - a potion of attraction {unknown}


   Skills:
 - Level 1.5 Dodging
 - Level 3.0 Stealth
 - Level 2.0 Spellcasting
 - Level 4.0 Summonings
 + Level 3.2 Shapeshifting


You had one spell level left.
You knew the following spells:

 Your Spells              Type           Power      Damage    Failure   Level
a - Summon Small Mammal   Summ           60%        N/A       3%          1
b - Call Imp              Summ           30%        N/A       5%          2
c - Call Canine Familiar  Summ           15%        N/A       11%         3

Your spell library contained the following spells:

 Spells                   Type           Power      Damage    Failure   Level
 Summon Blazeheart Golem  Fire/Summ      8%         N/A       63%         4
 Summon Lightning Spire   Summ/Air       8%         N/A       63%         4


Dungeon Overview and Level Annotations

Branches:
Dungeon (2/15)

Altars:


Innate Abilities, Weirdness & Mutations

You are a fearsome dragon!
You have a powerful clawing attack.
Your giant scaled body is strong and resilient, but less evasive.
You can breathe fire.
You are flying.
Your maximum health is decreased, since you lack skill for your form.
Your armour is entirely melded.
You are incapable of wielding weapons or throwing items.
((Your serpentine skin is tough. (AC +1)))
You have supernaturally acute eyesight. (SInv)
((Armour fits poorly on your strangely shaped body.))
((Your system is resistant to poisons. (rPois)))
((You cover ground very slowly.))
You can spit poison.
((You have a snake-like lower body.))


Message History

Your inugami hits the giant cockroach.
The giant cockroach dies!
You start waiting.
You have got your breath back.
You see here a ring of see invisible.
i - a dark potion
Found a robe.
You aren't carrying any pieces of jewellery.
Unknown command.
Casting: Call Imp (safe; 5% risk of failure)
Confirm with . or Enter, or press ? or * to list all spells.
You miscast Call Canine Familiar.
You are very lightly contaminated with residual magic.
Nothing appears to happen.
Casting: Call Canine Familiar (astonishingly dangerous; 11% risk of failure)
Confirm with . or Enter, or press ? or * to list all spells.
A tiny devil pulls itself out of the air.
Your inugami disappears in a puff of smoke!
Your magical contamination has completely faded away.
Your cerulean imp disappears in a puff of smoke!
Magic restored.
A ball python comes into view.
The ball python hisses angrily.
A ball python is nearby!
Casting: Call Imp (safe; 5% risk of failure)
Confirm with . or Enter, or press ? or * to list all spells.
You call for your canine familiar and it appears with a howl!
A ribbon worm comes into view.
Casting: Call Canine Familiar (astonishingly dangerous; 11% risk of failure)
Confirm with . or Enter, or press ? or * to list all spells.
A tiny devil pulls itself out of the air.
You barely miss the ball python. The ball python completely misses you.
Your inugami hits the ball python.
The ball python dies!
Found an escape hatch in the ceiling and an escape hatch in the floor.
Your cerulean imp hits the ribbon worm from afar with a -3 spear.
Your cerulean imp barely misses the ribbon worm.
You swap places.
The ribbon worm bites you.
Ouch! That really hurt!
You die...

.### ##### #. ...######
....#. ........#
#####$...#. .........
....... ## .....##.
#.#... #....##. #..[#
#....##.######...##+#.##
<....##.##......5......#
#....##.##.....hDw......
........##....#.........
.###.†##......+.........
.#.....#.#....##.#####+#
.#.#.#.#.#######..
.#.#.#...### #..<
.#.........# #...+
.####.....=# #.>.# .†
+.)....#


You could see a ribbon worm (ally target), a friendly cerulean imp (summoned)
and a friendly inugami (summoned).

Vanquished Creatures
  2 endoplasms (D:1)
  5 giant cockroaches (D:1)
  4 hobgoblins
  3 kobolds
  2 quokkas
  2 ball pythons
  3 bats
  A rat (D:1)
22 creatures vanquished.

Vanquished Creatures (collateral kills)
  Terence (D:2)
  2 ball pythons
  3 giant cockroaches
  A hobgoblin (D:2)
  A quokka (D:1)
  2 goblins
10 creatures vanquished.

Grand Total: 32 creatures vanquished

Notes
Turn   | Place    | Note
-------+----------+-------------------------------------------
     0 | D:1      | spaghetti the Naga Summoner began the quest for the Orb.
     0 | D:1      | Reached XP level 1. HP: 15/15 MP: 3/3
   238 | D:1      | Reached skill level 1 in Shapeshifting
   427 | D:1      | Reached XP level 2. HP: 3/22 MP: 3/5
   960 | D:1      | Reached XP level 3. HP: 4/28 MP: 3/6
   963 | D:1      | Learned a level 2 spell: Call Imp
   967 | D:1      | Learned a level 3 spell: Call Canine Familiar
  1266 | D:2      | Noticed Terence
  1303 | D:2      | Killed Terence
  1713 | D:2      | Reached XP level 4. HP: 5/36 MP: 2/7
  1867 | D:2      | Slain by a ribbon worm

Illustrated notes

Levels and vault maps discovered:
D:1:      minmay_arrival_five_plusses, layout_loops_ring, chequers_arboretum,
          minmay_worlds_worst_comb
D:2:      layout_basic, serial_shops, shop, uniq_terence

Skill      XL: |  1  2  3 |
---------------+----------+-----
Shapeshifting  | 1 2 3 |  3.2
Dodging        | |  1.5
Stealth        | |  3.0
Spellcasting   | |  2.0
Summonings     | |  4.0

Action                     |  1- 3 |  4- 6 || total
---------------------------+-------+-------++-------
  Melee: Unarmed           |     3 |     1 ||     4
         Bite              |     1 |       ||     1
   Cast: Summon Small Mamm |    11 |       ||    11
         Call Imp          |     5 |     2 ||     7
         Call Canine Famil |     4 |     1 ||     5
Ability: Breathe Fire      |    19 |     1 ||    20
    Use: Scroll            |     2 |       ||     2
 Armour: Skin              |     1 |     1 ||     2
  Dodge: Dodged            |     1 |     1 ||     2
   Form: Dragon            |     1 |       ||     1
